Match 25554539
Unlisted

Match 25554539
End
Selects Italian Infantry
Panzergrenadier Squad
Kradschützen Motorcycle Team
Construct Light Support Kompanie
Assault Grenadier Squad
Selects Defensive Operations
2.5-tonne Medical Truck
Fire Support Elements
Assault Mechanized Group
Flakvierling Half-track
Selects Prepared Positions
Combat Half-tracks
Construct Mechanized Kompanie
Marder III Tank Destroyer
Support Armor Elements
Panzerjäger Mechanized Group
Selects Obice 305mm Barrage
254 Reconnaissance Tractor
Marder III Tank Destroyer
Obice 305mm Barrage
Panzerpioneer Squad
StuG III D Assault Gun
Pak 38 Mechanized Group
Selects Guastatori Squad
Selects Registered Artillery
Selects Towed Cannone da 105/28 Field Howitzer
Tungsten Core Ammunition
Construct Panzerarmee Kommand
Flakvierling Half-track
Armored Reserves
Obice 305mm Barrage
Checko
Lozzoms
UH|dun! ツ
dfjdkdkdkdkdkdkdkdjkfdkslajfkdls
Ku
Elphiroce
0
0

Comments sign in to comment!

No comments posted yet!